 Dungeon Crawl Stone Soup version 0.30-a0-218-gedb9141078 (webtiles) character file.

Game seed: 8392248372244998420

46 Decritt the Digger (level 3, 0/21 HPs)
             Began as a Gargoyle Earth Elementalist on Oct 5, 2022.
             Slain by Terence
             ... wielding a +1 flail of venom
              (7 damage)
             ... on level 2 of the Dungeon.
             The game lasted 00:02:57 (922 turns).

Decritt the Digger (Gargoyle Earth Elementalist)     Turns: 922, Time: 00:02:57

Health: 0/21       AC:  8    Str: 11    XL:     3   Next: 68%
Magic:  3/6        EV: 11    Int: 17    God:
Gold:   159        SH:  0    Dex: 10    Spells: 6/7 levels left

rFire   . . .      SeeInvis .    d - +0 hand axe
rCold   . . .      Faith    .    (no shield)
rNeg    + . .      Spirit   .    a - +0 robe
rPois   ∞          Reflect  .    (no helmet)
rElec   +          Harm     .    e - scarf {+Inv}
rCorr   .          Rampage  .    (no gloves)
Will    .....                    g - +2 pair of boots
Stlth   ++........               (no amulet)
HPRegen 0.23/turn                (no ring)
MPRegen 0.10/turn                (no ring)

@: very slightly contaminated
A: sickness immunity, AC +3, negative energy resistance 1, electricity
resistance, torment resistance 1, petrification resistance
a: Evoke Invisibility


You were on level 2 of the Dungeon.
You visited 1 branch of the dungeon, and saw 2 of its levels.

You collected 159 gold pieces.

Inventory:

Hand Weapons
 d - a +0 hand axe (weapon)
Missiles
 i - 5 silver boomerangs (quivered)
 n - 3 poisoned darts
Armour
 a - a +0 robe (worn)
 e - a scarf of invisibility (worn)
 g - a +2 pair of boots (worn)
Scrolls
 c - a scroll of enchant armour {unknown}
 f - 3 scrolls of identify {unknown}
 j - a scroll of immolation {unknown}
 l - a scroll of fear {unknown}
 m - a scroll of noise {unknown}
 o - a scroll of acquirement {unknown}
Potions
 b - a potion of magic
 h - a potion of berserk rage {unknown}
 k - a potion of curing {unknown}
 p - a potion of resistance {unknown}


   Skills:
 + Level 1.9 Fighting
 - Level 1.5 Dodging
 - Level 2.1 Stealth
 + Level 2.6 Spellcasting
 + Level 0.0 Conjurations
 - Level 0.7 Transmutations
 + Level 4.3 Earth Magic


You had 6 spell levels left.
You knew the following spells:

 Your Spells              Type           Power      Damage    Failure   Level
a - Sandblast             Erth           34%        2d9       3%          1

Your spell library contained the following spells:

 Spells                   Type           Power      Damage    Failure   Level
 Passwall                 Tmut/Erth      8%         N/A       10%         2
 Stone Arrow              Conj/Erth      18%        3d8       22%         3
 Petrify                  Tmut/Erth      10%        N/A       54%         4
 Irradiate                Conj/Tmut      1%         3d12      99%         5
 Sublimation of Blood     Necr           Unusable   N/A       N/A         2

Dungeon Overview and Level Annotations

Branches:
Dungeon (2/15)

Altars:
Ashenzari

Annotations:
D:2 Terence


Innate Abilities, Weirdness & Mutations

You are immune to sickness and miasma.
Your stone body is resilient. (AC +3)
You are immune to poison.
You resist negative energy. (rN+)
You are resistant to electric shocks. (rElec)
You are resistant to unholy torment.
You are immune to petrification.


Message History

Aim: Terence, wielding a +1 flail of venom and wearing a +3 chain mail (lightly wounded, 87% to hit)
The blast of sand hits Terence but does no damage.
Terence is lightly wounded.
The hobgoblin closely misses you. Terence closely misses you.
Casting: Sandblast (safe; 3% risk of failure)
Confirm with . or Enter, or press ? or * to list all spells.
Aiming: Sandblast (safe; 3% risk of failure)
Press: ? - help, Shift-Dir - straight line, f/p - Terence
Aim: Terence, wielding a +1 flail of venom and wearing a +3 chain mail (lightly wounded, 87% to hit)
The blast of sand hits Terence but does no damage.
Terence is lightly wounded.
Terence hits you with a +1 flail of venom.
The hobgoblin closely misses you. The hobgoblin hits you with a +0 whip.
Terence barely misses you. Terence attacks as you move away!
Terence closely misses you.
Casting: Sandblast (safe; 3% risk of failure)
Confirm with . or Enter, or press ? or * to list all spells.
Aiming: Sandblast (safe; 3% risk of failure)
Press: ? - help, Shift-Dir - straight line, f/p - Terence
Aim: Terence, wielding a +1 flail of venom and wearing a +3 chain mail (lightly wounded, 87% to hit)
You miscast Sandblast.
You are very lightly contaminated with residual magic.
Nothing appears to happen.
Terence barely misses you. The hobgoblin barely misses you.
You hit Terence but do no damage.
Terence is lightly wounded.
You hit the hobgoblin. Terence closely misses you.
The hobgoblin hits you but does no damage.
You hit Terence but do no damage.
Terence is lightly wounded.
You closely miss the hobgoblin. The hobgoblin hits you with a +0 whip.
Terence hits you with a +1 flail of venom.
You hit Terence but do no damage.
Terence is lightly wounded.
You barely miss the hobgoblin.
Terence hits you with a +1 flail of venom.
* * * LOW HITPOINT WARNING * * *
The hobgoblin barely misses you. x2
Terence hits you with a +1 flail of venom!
You die...

#.#.#........#####
######.#..........####.
....#..................
###......##.......###..
..........#.#####.# #.#
#####...#...# .##..#
#....#.#..# #. # #
#.#.##.#.## #.....)
#..###.#@##.#.# .....##
#.....#@g....# ###.>.#
#.......####.. # #..
#.......## #..
#.......... #..
#.#.......## #.. #
#.....#.. #. #..
#.....#### ######. ##..
#...... ....... #...


You could see Terence and a hobgoblin.

Vanquished Creatures
  An adder (D:2)
  A worm (D:2)
  A dart slug (D:2)
  2 ball pythons (D:2)
  2 bats
  6 endoplasms
  2 goblins
  6 hobgoblins (D:1)
  3 quokkas
  A frilled lizard (D:1)
  2 kobolds
  A rat (D:1)
28 creatures vanquished.

Notes
Turn   | Place    | Note
-------+----------+-------------------------------------------
     0 | D:1      | Decritt the Gargoyle Earth Elementalist began the quest for
                  | the Orb.
     0 | D:1      | Reached XP level 1. HP: 10/10 MP: 3/3
   113 | D:1      | Reached XP level 2. HP: 16/16 MP: 3/5
   171 | D:1      | Reached skill level 1 in Fighting
   348 | D:1      | Reached skill level 4 in Earth Magic
   632 | D:2      | Reached XP level 3. HP: 18/20 MP: 1/6
   805 | D:2      | Found a broken altar of Ashenzari.
   910 | D:2      | Noticed Terence
   922 | D:2      | Slain by Terence

Illustrated notes

Levels and vault maps discovered:
D:1:      doesnt_arrival_eight_statues, layout_basic
D:2:      layout_rooms, basic_altar, dreamdust_wishing_well, uniq_terence

Skill      XL: |  1  2 |
---------------+-------+-----
Fighting       | 1 |  1.9
Earth Magic    | 4 |  4.3
Dodging        | |  1.5
Stealth        | |  2.1
Spellcasting   | |  2.6
Transmutations | |  0.7

Action                   || total
-------------------------++-------
Melee: Hand axe          ||    15
       Punch             ||     1
Throw: Boomerang         ||     2
 Cast: Sandblast         ||    41
Armor: Robe              ||    12
Dodge: Dodged            ||    25

Table legend: (Time is in decaauts)
 A = Elapsed time spent in this place.
 B = Non-inter-level travel time spent in this place.
 C = Inter-level travel time spent in this place.
 D = Time resting spent in this place.
 E = Time spent auto-exploring this place.
 F = Levels seen in this place.
 G = Mean time per level.
                   A        B        C        D        E       F      G
               +--------+--------+--------+--------+--------+-----+--------+
         Total |    946 |    929 |     17 |    110 |    572 |   2 |  473.0 |
       Dungeon |    946 |    929 |     17 |    110 |    572 |   2 |  473.0 |
               +--------+--------+--------+--------+--------+-----+--------+

Top non-repeatable levels by time:
     D:1: 553 daAuts
     D:2: 393 daAuts
